 Dungeon Crawl Stone Soup version 0.30-a0-322-g102857c98e (webtiles) character file.

Game seed: 13201527202049682375

343 ryw the Insei (level 6, 0/48 HPs)
             Began as a Demonspawn Monk on Oct 27, 2022.
             Slain by a quasit (2 damage)
             ... in a sewer.
             The game lasted 00:04:42 (2265 turns).

ryw the Insei (Demonspawn Monk)                     Turns: 2265, Time: 00:04:42

Health: 0/48       AC:  2    Str: 13    XL:     6   Next: 31%
Magic:  6/6        EV:  2    Int: 14    God:
Gold:   62         SH:  0    Dex: -5 (15) Spells: 5/5 levels left

rFire   . . .      SeeInvis .    s - +1 whip (elec)
rCold   . . .      Faith    .    (no shield)
rNeg    . . .      Spirit   .    a - +0 robe
rPois   .          Reflect  .    (helmet restricted)
rElec   .          Harm     .    (no cloak)
rCorr   .          Rampage  .    (no gloves)
Will    .....                    (no boots)
Stlth   ..........               (no amulet)
HPRegen 0.28/turn                (no ring)
MPRegen 0.10/turn                (no ring)

@: mighty, slowed, lost dexterity, very slow
A: antennae 1, ignite blood 1, big brain 1
a: no special abilities


You were in a sewer.
You visited 1 branch of the dungeon, and saw 3 of its levels.
You also visited: Sewer.

You collected 62 gold pieces.

Inventory:

Hand Weapons
 s - a +1 whip of electrocution (weapon)
Armour
 a - a +0 robe (worn)
Jewellery
 j - an amulet of guardian spirit
Wands
 r - a wand of charming (6)
Scrolls
 e - a scroll of fear {unknown}
 g - a scroll of teleportation {unknown}
 i - 2 scrolls of immolation {unknown}
 l - 3 scrolls of identify {unknown}
 m - a scroll of noise {unknown}
 n - a scroll of blinking {unknown}
 p - a scroll of brand weapon {unknown}
Potions
 c - 2 potions of curing
 d - 2 potions of haste {unknown}
 f - a potion of degeneration {unknown}
 h - a potion of magic {unknown}
 k - a potion of heal wounds {unknown}
 o - a potion of cancellation {unknown}
 q - a potion of ambrosia


   Skills:
 + Level 4.0 Fighting
 - Level 2.6 Dodging
 - Level 1.7 Stealth
 - Level 6.0 Unarmed Combat


You had 5 spell levels left.
You didn't know any spells.
Your spell library contained the following spells:

 Spells                   Type           Power      Damage    Failure   Level
 Gell's Gravitas          Tloc           0%         N/A       65%         3
 Lesser Beckoning         Tloc           0%         N/A       65%         3
 Ozocubu's Armour         Ice            0%         N/A       65%         3
 Teleport Other           Tloc           0%         N/A       65%         3
 Metabolic Englaciation   Hex/Ice        0%         N/A       100%        5
 Simulacrum               Ice/Necr       0%         N/A       100%        6


Dungeon Overview and Level Annotations

Branches:
Dungeon (3/15)              Sewer (1/1)

Altars:

Annotations:
D:3 1 runed translucent door


Innate Abilities, Weirdness & Mutations

You have a pair of small antennae on your head.
Your demonic aura sometimes causes spilled blood to erupt in flames.
You have an unusually large brain. (Int +2)


Message History

The kobold hits you with a +0 short sword.
* * * LOW HITPOINT WARNING * * *
The quasit bites you but does no damage.
The quasit claws you.
* * * LOW HITPOINT WARNING * * *
You feel clumsy. The quasit claws you.
* * * LOW HITPOINT WARNING * * *
You feel clumsy. The kobold hits you but does no damage.
The quasit bites you but does no damage.
The quasit barely misses you.
The quasit claws you but does no damage.
You closely miss the quasit.
The quasit bites you but does no damage.
The quasit claws you.
* * * LOW HITPOINT WARNING * * *
The quasit claws you.
* * * LOW HITPOINT WARNING * * *
The kobold hits you with a +0 short sword.
* * * LOW HITPOINT WARNING * * *
The quasit bites you.
* * * LOW HITPOINT WARNING * * *
You feel clumsy.
The quasit claws you but does no damage. x2
The kobold completely misses you.
Press: ? - help, v - describe, . - travel
Here: a kobold, wielding a +0 short sword and quivering stones The floor.
You whack the kobold!
You kill the kobold!
The quasit barely misses you.
The quasit claws you but does no damage.
The quasit claws you.
* * * LOW HITPOINT WARNING * * *
The quasit bites you but does no damage.
The quasit claws you.
* * * LOW HITPOINT WARNING * * *
The quasit claws you.
You die...

#...§..###.####.###≈##
+.§.....#...#≈≈.....).
+..._.§.)...≈≈≈≈....).
+.§.....#...#≈≈.....÷.
#...§..###.####.#≈###~
##.....##≈~.#...≈≈≈≈≈≈
##'''###≈≈.#...~≈≈≈≈≈
#≈...≈##≈~.#..≈≈≈≈≈≈≈
#~..@≈##~≈.#.~~≈≈≈≈≈≈
#≈.)5≈##~≈)#.~≈≈≈≈≈≈≈
#~...≈##≈..'.≈≈≈≈≈≈≈≈
#≈...≈###~###########
#≈...≈##≈~~~~~≈≈≈
##!??###≈.≈.≈.≈≈≈
##$## #≈≈~≈≈≈~≈~ #∩
##########


You could see a quasit.

Vanquished Creatures
  Sigmund (D:2)
  A quasit (Sewer)
  3 adders (D:2)
  A river rat (D:3)
  2 shadow imps (Sewer)
  2 ufetubi (Sewer)
  An adder zombie (Sewer)
  A worm (D:3)
  2 dart slugs (D:2)
  8 endoplasms
  9 giant cockroaches
  8 hobgoblins
  4 jackals (D:1)
  2 quokkas
  8 ball pythons
  3 bats
  4 frilled lizards
  4 goblins
  12 kobolds
  A kobold zombie (Sewer)
  6 rats
83 creatures vanquished.

Vanquished Creatures (others)
  2 endoplasms (Sewer)
2 creatures vanquished.

Grand Total: 85 creatures vanquished

Notes
Turn   | Place    | Note
-------+----------+-------------------------------------------
     0 | D:1      | ryw the Demonspawn Monk began the quest for the Orb.
     0 | D:1      | Reached XP level 1. HP: 18/18 MP: 1/1
     1 | D:1      | Found a runed translucent door.
    56 | D:1      | Reached skill level 3 in Unarmed Combat
    72 | D:1      | Gained mutation: You have an unusually large brain. (Int
                  | +2) [demonic ancestry]
    72 | D:1      | Reached XP level 2. HP: 24/24 MP: 2/2
   648 | D:1      | Reached XP level 3. HP: 29/29 MP: 3/3
   742 | D:1      | Reached skill level 4 in Unarmed Combat
  1060 | D:2      | Reached XP level 4. HP: 35/35 MP: 4/4
  1206 | D:2      | Found a faded altar of an unknown god.
  1212 | D:2      | Noticed Sigmund
  1225 | D:2      | Killed Sigmund
  1226 | D:2      | Reached skill level 6 in Unarmed Combat
  1226 | D:2      | Gained mutation: You have a pair of small antennae on your
                  | head. [demonic ancestry]
  1226 | D:2      | Reached XP level 5. HP: 41/41 MP: 5/5
  1595 | D:3      | Found a glowing drain.
  1630 | D:3      | Found a runed translucent door.
  1668 | Sewer    | Entered a sewer
  1727 | Sewer    | Gained mutation: Your demonic aura sometimes causes spilled
                  | blood to erupt in flames. [demonic ancestry]
  1727 | Sewer    | Reached XP level 6. HP: 47/47 MP: 6/6
  2091 | Sewer    | Found a burning altar of Makhleb.
  2255 | Sewer    | Lost dexterity.
  2265 | Sewer    | HP: 2/48 [quasit (1)]
  2265 | Sewer    | Slain by a quasit

Illustrated notes

Levels and vault maps discovered:
D:1:      dpeg_arrival_caged_fury, layout_rooms, minmay_tetromino_o4
D:2:      layout_loops_ring, ebering_ecumenical_altar_box, uniq_sigmund
D:3:      layout_loops_ring, ebering_ghost_sewer_d, portal_sewer_entry_a,
          kennysheep_boxes, uniq_jessica
Sewer:    kennysheep_sewer_church

Skill      XL: |  1  2  3  4  5  6 |
---------------+-------------------+-----
Unarmed Combat | 3 4 6 |  6.0
Fighting       | 4 |  4.0
Dodging        | |  2.6
Stealth        | |  1.7

Action                   |  1- 3 |  4- 6 || total
-------------------------+-------+-------++-------
Melee: Unarmed           |   205 |   133 ||   338
       Punch             |     3 |     6 ||     9
       Whip              |       |    10 ||    10
Throw: Dart              |     2 |     1 ||     3
  Use: Potion            |     2 |     5 ||     7
 Stab: Sleeping          |     2 |     1 ||     3
Armor: Robe              |    32 |    84 ||   116
Dodge: Dodged            |   121 |   139 ||   260

Table legend: (Time is in decaauts)
 A = Elapsed time spent in this place.
 B = Non-inter-level travel time spent in this place.
 C = Inter-level travel time spent in this place.
 D = Time resting spent in this place.
 E = Time spent auto-exploring this place.
 F = Levels seen in this place.
 G = Mean time per level.
                   A        B        C        D        E       F      G
               +--------+--------+--------+--------+--------+-----+--------+
         Total |   2245 |   2224 |     21 |    298 |   1351 |   4 |  561.2 |
       Dungeon |   1651 |   1630 |     21 |    117 |   1090 |   3 |  550.3 |
         Sewer |    593 |    593 |      0 |    181 |    261 |   1 |  593.0 |
               +--------+--------+--------+--------+--------+-----+--------+

Top non-repeatable levels by time:
     D:1: 873 daAuts
     D:2: 675 daAuts
   Sewer: 593 daAuts
     D:3: 102 daAuts
